 Dungeon Crawl Stone Soup version 0.30-a0-6-g7c9e10e132 (webtiles) character file.

Game seed: 9225551859635074603

434 GigaChad the Covered (level 6, 0/53 (55) HPs)
             Began as a Minotaur Fighter on Aug 22, 2022.
             Slain by a necrophage (4 damage)
             ... on level 4 of the Dungeon.
             The game lasted 00:07:02 (3505 turns).

GigaChad the Covered (Minotaur Fighter)             Turns: 3505, Time: 00:07:03

HP:   0/53 (55)     AC: 12    Str: 22    XL:     6   Next: 67%
MP:   5/5           EV:  6    Int:  5    God:
Gold: 230           SH:  4    Dex: 10    Spells: 5/5 levels left

rFire   + . .      SeeInvis .    a - +0 long sword
rCold   x . .      Faith    .    c - +0 buckler
rNeg    . . .      Spirit   .    h - +0 plate armour
rPois   .          Reflect  .    (helmet restricted)
rElec   .          Harm     .    (no cloak)
rCorr   +          Rampage  .    (no gloves)
Will    .....                    (no boots)
Stlth   ..........               (no amulet)
HPRegen 0.17/turn                r - ring of fire
MPRegen 0.09/turn                p - ring of resist corrosion

@: about to teleport, lightly drained
A: horns 2, retaliatory headbutt
a: no special abilities


You were on level 4 of the Dungeon.
You visited 1 branch of the dungeon, and saw 4 of its levels.

You collected 230 gold pieces.

Inventory:

Hand Weapons
 a - a +0 long sword (weapon)
 o - a +2 vorpal mace
 s - a +3 war axe
 u - a +4 dire flail of protection
Armour
 b - a +0 scale mail
 c - a +0 buckler (worn)
 h - a +0 plate armour (worn)
Jewellery
 p - a ring of resist corrosion (right hand)
 r - a ring of fire (left hand)
Wands
 g - a wand of quicksilver (11)
 j - a wand of flame (4)
 l - a wand of iceblast (8)
Scrolls
 f - a scroll of teleportation
 q - a scroll of summoning
Potions
 d - a potion of might
 e - 2 potions of invisibility
 i - 2 potions of mutation {unknown}
 k - 3 potions of haste {unknown}
 m - a potion of heal wounds {unknown}
 n - a potion of curing
 t - a potion of ambrosia {unknown}


   Skills:
 + Level 4.8 Fighting
 + Level 5.5 Long Blades
 + Level 5.9 Armour
 + Level 0.6 Dodging
 + Level 4.8 Shields


You had 5 spell levels left.
You didn't know any spells.
Your spell library contained the following spells:

 Spells                   Type           Power      Damage    Failure   Level
 Ensorcelled Hibernation  Hex/Ice        0%         N/A       100%        2
 Passwall                 Tmut/Erth      0%         N/A       100%        2
 Poisonous Vapours        Pois/Air       0%         N/A       100%        2
 Ignite Poison            Fire/Tmut/Pois 0%         N/A       100%        3
 Mephitic Cloud           Conj/Pois/Air  0%         N/A       100%        3
 Swiftness                Air            0%         N/A       100%        3
 Corpse Rot               Necr/Pois/Air  0%         N/A       100%        4
 Freezing Cloud           Conj/Ice/Air   0%         6-21      100%        5


Dungeon Overview and Level Annotations

Branches:
Dungeon (4/15)
 Temple: D:4-7

Altars:


Innate Abilities, Weirdness & Mutations

You have a pair of horns on your head.
You reflexively headbutt those who attack you in melee.


Message History

The howler monkey is severely wounded.
The howler monkey completely misses you.
You closely miss the howler monkey.
The howler monkey is severely wounded.
The howler monkey barely misses you. You furiously retaliate!
You headbutt the howler monkey. You hit the howler monkey.
You kill the howler monkey!
You hit the necrophage.
The necrophage is lightly damaged.
The necrophage hits you.
* * * LOW HITPOINT WARNING * * *
You feel drained.
* * * LOW HITPOINT WARNING * * *
You hit the necrophage but do no damage.
Your headbutt misses the necrophage.
The necrophage is lightly damaged.
The necrophage barely misses you.
Things that are here:
a +0 leather armour; the human corpse of Edmund You slash the necrophage!
The necrophage is moderately damaged.
The necrophage hits you but does no damage.
The scorpion stings you but does no damage.
You hit the necrophage but do no damage.
The necrophage is moderately damaged.
The necrophage hits you but does no damage.
The scorpion stings you but does no damage.
You hit the necrophage. You headbutt the necrophage.
The necrophage is severely damaged.
The necrophage hits you.
* * * LOW HITPOINT WARNING * * *
You feel drained. The scorpion stings you.
* * * LOW HITPOINT WARNING * * *
The necrophage hits you but does no damage.
As you read the scroll of teleportation, it crumbles to dust.
You feel strangely unstable. The scorpion barely misses you.
You furiously retaliate!
You headbutt the scorpion! The scorpion barely misses you.
The necrophage hits you.
You die...

.#. .. .###....
########........#
..(.....#######...
.................. ##
..........###### #.. ..
#.........sn.# ###..####.
#..........@.# #.........
#............### #.....<...
#..............# #.....###.
#............#.# ####.. #.
#............#... .... #.
#............##############.
#...........................
##+#####'###################
#.#####.#


You could see a necrophage and a scorpion.

Vanquished Creatures
  Edmund (D:4)
  The ghost of Setbun the Cutter, an amateur KoBr (D:3)
  A howler monkey (D:4)
  A scorpion simulacrum (D:3)
  Robin (D:3)
  3 gnolls (D:3)
  2 adders (D:2)
  A hound simulacrum (D:3)
  2 howler monkey simulacra (D:3)
  An ufetubus (D:3)
  A worm (D:4)
  2 dart slugs (D:2)
  2 adder simulacra (D:3)
  An orc (D:3)
  3 bats
  5 endoplasms
  5 giant cockroaches
  7 goblins
  9 hobgoblins
  2 jackals (D:1)
  4 quokkas
  3 ball pythons
  5 kobolds
  A quokka simulacrum (D:3)
  3 rats
67 creatures vanquished.

Notes
Turn   | Place    | Note
-------+----------+-------------------------------------------
     0 | D:1      | GigaChad the Minotaur Fighter began the quest for the Orb.
     0 | D:1      | Reached XP level 1. HP: 19/19 MP: 0/0
   640 | D:1      | Reached XP level 2. HP: 20/27 MP: 1/1
  1314 | D:2      | Reached XP level 3. HP: 29/33 MP: 2/2
  2296 | D:3      | Noticed Robin
  2317 | D:3      | Reached XP level 4. HP: 33/40 MP: 3/3
  2324 | D:3      | Killed Robin
  2758 | D:3      | Reached skill level 5 in Armour
  2778 | D:3      | Found a runed translucent gate.
  2779 | D:3      | Found a runed translucent gate.
  2780 | D:3      | Found a runed translucent gate.
  2825 | D:3      | Reached XP level 5. HP: 26/46 MP: 4/4
  2831 | D:3      | Noticed Setbun's ghost (amateur KoBr)
  2855 | D:3      | Killed Setbun's ghost
  2856 | D:3      | Reached XP level 6. HP: 28/53 MP: 5/5
  3456 | D:4      | Noticed Edmund
  3475 | D:4      | Killed Edmund
  3476 | D:4      | Reached skill level 5 in Long Blades
  3505 | D:4      | Slain by a necrophage

Illustrated notes

Levels and vault maps discovered:
D:1:      dreamdust_arrival_sigmund_warning, layout_basic
D:2:      layout_loops_corners, hangedman_decor_peaks_small, st_stairs_11,
          minmay_pentomino_o2
D:3:      layout_loops_ring, gammafunk_ghost_icy, uniq_robin
D:4:      layout_basic, uniq_natasha, uniq_pikel, uniq_edmund

Skill      XL: |  1  2  3  4  5  6 |
---------------+-------------------+-----
Armour         | 4 5 |  5.9
Fighting       | 4 |  4.8
Long Blades    | 3 4 5 |  5.5
Shields        | 4 |  4.8
Dodging        | |  0.6

Action                   |  1- 3 |  4- 6 || total
-------------------------+-------+-------++-------
Melee: Long sword        |    92 |   108 ||   200
       Headbutt          |    15 |    22 ||    37
  Use: Scroll            |     5 |     3 ||     8
Armor: Scale mail        |     6 |       ||     6
       Plate armour      |    86 |    76 ||   162
Dodge: Dodged            |    28 |    33 ||    61
Block: Buckler           |    23 |    16 ||    39

Table legend: (Time is in decaauts)
 A = Elapsed time spent in this place.
 B = Non-inter-level travel time spent in this place.
 C = Inter-level travel time spent in this place.
 D = Time resting spent in this place.
 E = Time spent auto-exploring this place.
 F = Levels seen in this place.
 G = Mean time per level.
                   A        B        C        D        E       F      G
               +--------+--------+--------+--------+--------+-----+--------+
         Total |   3555 |   3401 |    154 |    469 |   1599 |   4 |  888.8 |
       Dungeon |   3555 |   3401 |    154 |    469 |   1599 |   4 |  888.8 |
               +--------+--------+--------+--------+--------+-----+--------+

Top non-repeatable levels by time:
     D:1: 1281 daAuts
     D:3: 1268 daAuts
     D:2: 897 daAuts
     D:4: 108 daAuts
